 Dungeon Crawl Stone Soup version 0.28-a0-925-gd5e1996cdb (webtiles) character file.

Game seed: 7985201581021703348

1885 1994 the Stinger (level 9, -3/52 HPs)
             Began as a Tengu Venom Mage on Nov 26, 2021.
             Was an Initiate of Dithmenos.
             Slain by a water moccasin (5 damage)
             ... on level 7 of the Dungeon.
             The game lasted 00:22:29 (9207 turns).

1994 the Stinger (Tengu Venom Mage)                 Turns: 9207, Time: 00:22:30

Health: -3/52      AC: 10    Str:  8    XL:     9   Next: 14%
Magic:  15/15      EV: 15    Int: 19    God:    Dithmenos [......]
Gold:   328        SH:  5    Dex: 15    Spells: 5/15 levels left

rFire   . . .      SeeInvis .   b - +1 dagger (elec)
rCold   + . .      Faith    .   K - +0 buckler
rNeg    . . .      Spirit   .   r - +3 leather armour {rC+}
rPois   .          Reflect  .   L - +2 hat
rElec   .          Harm     .   k - +0 cloak
rCorr   .          Rampage  .   p - +0 pair of gloves
Will    .....                   (boots unavailable)
Stlth   ++........              (no amulet)
HPRegen 0.17/turn               (no ring)
MPRegen 0.14/turn               (no ring)

@: lethally poisoned (-3 -> -36), flying quickly and evasively, quick
A: beak, talons 3, nimble flight
a: Renounce Religion


You were on level 7 of the Dungeon.
You worshipped Dithmenos.
Dithmenos was noncommittal.
You visited 2 branches of the dungeon, and saw 8 of its levels.

You collected 328 gold pieces.

Inventory:

Hand Weapons
 a - a +1 dagger of venom
 b - a +1 dagger of electrocution (weapon)
 z - a +0 vorpal hunting sling
 A - a +0 scythe of flaming
Missiles
 c - a throwing net
 i - 173 stones (quivered)
Armour
 k - a +0 cloak (worn)
 p - a +0 pair of gloves (worn)
 r - a +3 leather armour of cold resistance (worn)
 K - a +0 buckler (worn)
 L - a +2 hat (worn)
 M - the +1 ring mail of the Vaults {*Corrode rF+ rC++ Dex+2}
   (You took it off an orc on level 5 of the Dungeon)

   Dex:       It affects your dexterity (+2).
   rF:        It protects you from fire.
   rC:        It greatly protects you from cold.
   *Corrode:  It may corrode you when you take damage.
Magical Staves
 t - a staff of earth
Jewellery
 d - a ring of poison resistance
 l - an amulet of guardian spirit
 n - a +4 ring of protection
 q - a ring of ice
 u - a ring of resist corrosion
Wands
 C - a wand of acid (10)
Scrolls
 e - a scroll of enchant armour {unknown}
 f - 4 scrolls of vulnerability
 g - a scroll of blinking {unknown}
 o - 2 scrolls of teleportation
 F - a scroll of enchant weapon {unknown}
 G - a scroll of noise {unknown}
 I - 3 scrolls of magic mapping
 J - a scroll of identify {unknown}
Potions
 h - a potion of lignification {unknown}
 j - a potion of brilliance {unknown}
 m - a potion of invisibility {unknown}
 s - a potion of mutation {unknown}
 v - a potion of haste {unknown}
 w - a potion of might {unknown}
 y - 3 potions of attraction {unknown}
 B - 2 potions of flight
 D - 3 potions of curing {unknown}
 E - 3 potions of heal wounds
 H - 2 potions of berserk rage {unknown}


   Skills:
 * Level 4.3 Fighting
 * Level 3.4 Short Blades
 + Level 4.1 Dodging
 + Level 4.0 Stealth
 * Level 2.7 Shields
 + Level 3.6 Spellcasting
 - Level 5.0 Conjurations
 - Level 2.0 Transmutations
 - Level 5.0 Air Magic
 * Level 5.5 Poison Magic


You had 5 spell levels left.
You knew the following spells:

 Your Spells              Type           Power      Damage    Failure   Level
a - Sting                 Tmut/Pois      68%        1d6       5%          1
b - Poisonous Vapours     Pois/Air       46%        N/A       4%          2
c - Mephitic Cloud        Conj/Pois/Air  23%        N/A       9%          3
d - Olgreb's Toxic Radia  Pois           24%        N/A       26%         4

Your spell library contained the following spells:

 Spells                   Type           Power      Damage    Failure   Level
 Animate Skeleton         Necr           6%         N/A       24%         1
 Pain                     Necr           12%        1d4       24%         1
 Slow                     Hex            12%        N/A       24%         1
 Airstrike                Air            11%        N/A       30%         4
 Confusing Touch          Hex            3%         N/A       58%         3
 Vampiric Draining        Necr           3%         2d6       58%         3
 Summon Lightning Spire   Summ/Air       12%        N/A       65%         4
 Lightning Bolt           Conj/Air       11%        1d24      65%         5


Dungeon Overview and Level Annotations

Branches:
Dungeon (7/15)             Temple (1/1) D:5

Altars:
Ashenzari
Cheibriados
Dithmenos
Elyvilon
Fedhas
Gozag
Hepliaklqana
Kikubaaqudgha
Makhleb
Nemelex Xobeh
Okawaru
Qazlal
Ru
Sif Muna
Trog
Uskayaw
Vehumet
Wu Jian
Xom
Yredelemnul
Zin
The Shining One
Beogh

Shops:
D:2 :

Annotations:
D:3 Ijyb


Innate Abilities, Weirdness & Mutations

You have a beak for a mouth.
You have claws for feet.
Your magical nature lets you fly swiftly and evasively.


Message History

You barely miss the water moccasin. The water moccasin bites you.
You hit the water moccasin.
The water moccasin is lightly wounded.
The water moccasin bites you.
You are poisoned.
The water moccasin poisons you!
The water moccasin bites you but does no damage.
You hit the water moccasin.
The water moccasin is lightly wounded.
You feel very sick. The water moccasin bites you.
You are more poisoned.
The water moccasin poisons you!
You hit the water moccasin.
The water moccasin is lightly wounded.
You feel very sick. The water moccasin bites you.
You are lethally poisoned!
The water moccasin poisons you!
You hit the water moccasin but do no damage.
Your peck misses the water moccasin.
The water moccasin is lightly wounded.
You feel extremely sick. The water moccasin bites you.
Your leather armour prevents you from hitting the water moccasin.
Your peck misses the water moccasin.
The water moccasin is lightly wounded.
* * * LOW HITPOINT WARNING * * *
You feel very sick. The water moccasin bites you.
* * * LOW HITPOINT WARNING * * *
You are more poisoned.
The water moccasin poisons you!
Unknown command.
It was a potion of flight.
You feel more buoyant.
* * * LOW HITPOINT WARNING * * *
You feel extremely sick. The water moccasin bites you.
You die...

### #$. ..
#..######.. #....
..... ..
#...####...##### ..
..............###..
#...##.............
##.S........<.......
#..@####............
#...................
#..######....>......
#...................
#.########..........
#...............)...
####................
#................
#................


You could see a water moccasin.

Vanquished Creatures
  Sigmund (D:3)
  An orc warrior (D:6)
  2 ogres (D:5)
  6 centaurs (D:6)
  3 bullfrogs
  A scorpion (D:5)
  An oklob sapling (D:5)
  A bullfrog zombie (D:5)
  A jelly (D:6)
  6 orc priests
  3 hounds
  4 orc wizards
  Robin (D:3)
  8 adders
  A shadow imp (D:5)
  3 adder skeletons
  2 worms
  The ghost of paps the Sneak, a weakling OpDe (D:4)
  A dart slug (D:1)
  40 orcs
  9 endoplasms
  4 giant cockroaches
  14 goblins
  2 hobgoblins (D:1)
  3 jackals (D:3)
  6 kobolds
  3 quokkas
  5 ball pythons
  8 bats
  A frilled lizard (D:1)
  9 rats
151 creatures vanquished.

Vanquished Creatures (others)
  A human (D:3)
  7 plants (D:5)
8 creatures vanquished.

Grand Total: 159 creatures vanquished

Notes
Turn   | Place    | Note
-------+----------+-------------------------------------------
     0 | D:1      | 1994 the Tengu Venom Mage began the quest for the Orb.
     0 | D:1      | Reached XP level 1. HP: 10/10 MP: 4/4
   232 | D:1      | Reached skill level 1 in Transmutations
   232 | D:1      | Reached XP level 2. HP: 11/16 MP: 0/6
   310 | D:1      | Learned a level 2 spell: Poisonous Vapours
   826 | D:1      | Found a faded altar of an unknown god.
   927 | D:2      | Reached skill level 1 in Air Magic
   927 | D:2      | Reached XP level 3. HP: 15/20 MP: 4/7
  1092 | D:2      | Learned a level 3 spell: Mephitic Cloud
  1329 | D:2      | Reached skill level 1 in Fighting
  1414 | D:2      | Found Nyach's Book Boutique.
  1461 | D:2      | Reached XP level 4. HP: 14/25 MP: 3/8
  1909 | D:2      | Reached skill level 1 in Conjurations
  2279 | D:2      | Gained mutation: Your magical nature lets you fly swiftly
                  | and evasively. [Tengu growth]
  2279 | D:2      | Reached XP level 5. HP: 29/29 MP: 4/9
  2839 | D:3      | Noticed Ijyb
  2876 | D:3      | Noticed Robin
  2917 | D:3      | Killed Robin
  2940 | D:3      | Noticed Sigmund
  3040 | D:3      | Killed Sigmund
  3041 | D:3      | Reached XP level 6. HP: 35/35 MP: 10/10
  3700 | D:3      | Found an ancient bone altar of Kikubaaqudgha.
  3701 | D:3      | Noticed a human
  3705 | D:3      | Killed a human
  4212 | D:4      | Reached XP level 7. HP: 28/40 MP: 11/11
  4942 | D:5      | Entered Level 5 of the Dungeon
  5836 | D:5      | Reached skill level 1 in Short Blades
  5920 | D:5      | Learned a level 4 spell: Olgreb's Toxic Radiance
  6468 | D:5      | Found a runed translucent gate.
  6468 | D:5      | Found a runed translucent gate.
  6468 | D:5      | Found a runed translucent gate.
  6471 | D:5      | Noticed paps's ghost (weakling OpDe)
  6471 | D:5      | Identified the +1 ring mail of the Vaults {*Corrode rF+
                  | rC++ Dex+2}
  6493 | D:5      | Found a staircase to the Ecumenical Temple.
  6852 | D:5      | Reached XP level 8. HP: 46/46 MP: 13/13
  6855 | Temple   | Entered the Ecumenical Temple
  7237 | Temple   | Became a worshipper of Dithmenos the Shadowed
  7788 | D:4      | Killed paps's ghost
  8291 | D:6      | Reached skill level 1 in Shields
  8443 | D:6      | Reached skill level 5 in Poison Magic
  8473 | D:6      | Reached skill level 5 in Air Magic
  8680 | D:6      | Reached skill level 5 in Conjurations
  8680 | D:6      | Reached XP level 9. HP: 44/52 MP: 12/15
  9207 | D:7      | HP: 2/52 [poisoned by a water moccasin]
  9207 | D:7      | Slain by a water moccasin

Illustrated notes

Levels and vault maps discovered:
D:1:      nzn_arrival_settlement, layout_basic, ebering_ecumenical_altar_box
D:2:      minmay_door_path, layout_basic, serial_shops, shop, minivault_14,
          amcnicky_mini_pool_small, minmay_misc_feat_rugged
D:3:      layout_loops_ring, tgw_kikubaaqudgha, uniq_ijyb, uniq_robin,
          uniq_sigmund
D:4:      layout_cave_pools
D:5:      layout_basic, minmay_temple_entry_oklob, biasface_ghost_orc_armoury
D:6:      layout_loops_ring, centaur_isle
D:7:      layout_basic, enter_bailey_2, minmay_misc_feat_more_columns,
          uniq_prince_ribbit1, uniq_pikel
Temple:   mainiacjoe_temple_trianglar_array

Skill      XL: |  1  2  3  4  5  6  7  8  9 |
---------------+----------------------------+-----
Transmutations | 1 2 |  2.0
Air Magic      | 1 2 3 4 5 |  5.0
Fighting       | 1 2 3 4 |  4.3
Conjurations   | 1 2 3 5 |  5.0
Poison Magic   | 4 5 |  5.5
Dodging        | 3 4 |  4.1
Stealth        | 3 4 |  4.0
Short Blades   | 1 3 |  3.4
Spellcasting   | 3 |  3.6
Shields        | 2 |  2.7

Action                   |  1- 3 |  4- 6 |  7- 9 || total
-------------------------+-------+-------+-------++-------
Melee: Dagger            |    15 |   114 |   239 ||   368
       Unarmed           |     3 |       |       ||     3
       Kick              |     2 |    27 |    56 ||    85
       Peck              |     2 |    17 |    45 ||    64
Throw: Stone             |       |     1 |       ||     1
 Cast: Sting             |    34 |    40 |    29 ||   103
       Poisonous Vapours |     5 |    16 |    12 ||    33
       Olgreb's Toxic Ra |       |       |     1 ||     1
  Use: Scroll            |       |     1 |     4 ||     5
       Potion            |       |       |     1 ||     1
 Stab: Sleeping          |     3 |     6 |     5 ||    14
       Distracted        |       |       |     1 ||     1
Armor: Robe              |     5 |       |       ||     5
       Leather armour    |       |    29 |    54 ||    83
Dodge: Dodged            |    19 |    70 |   156 ||   245
Block: Buckler           |       |       |    23 ||    23

Table legend: (Time is in decaauts)
 A = Elapsed time spent in this place.
 B = Non-inter-level travel time spent in this place.
 C = Inter-level travel time spent in this place.
 D = Time resting spent in this place.
 E = Time spent auto-exploring this place.
 F = Levels seen in this place.
 G = Mean time per level.
                   A        B        C        D        E       F      G
               +--------+--------+--------+--------+--------+-----+--------+
         Total |   8776 |   8588 |    188 |   2809 |   3755 |   8 | 1097.0 |
       Dungeon |   8407 |   8255 |    152 |   2809 |   3426 |   7 | 1201.0 |
        Temple |    369 |    333 |     36 |      0 |    328 |   1 |  369.0 |
               +--------+--------+--------+--------+--------+-----+--------+

Top non-repeatable levels by time:
     D:5: 1919 daAuts
     D:2: 1715 daAuts
     D:4: 1419 daAuts
     D:3: 1303 daAuts
     D:6: 995 daAuts
     D:1: 923 daAuts
  Temple: 369 daAuts
     D:7: 131 daAuts
